 Dungeon Crawl Stone Soup version 0.27-a0-1291-geefcff550b (webtiles) character file.

Game seed: 1978564997756260040

137 Shayle the Gusty (level 5, -6/45 HPs)
             Began as a Draconian Air Elementalist on June 15, 2021.
             Mangled by an iguana (9 damage)
             ... on level 4 of the Dungeon.
             The game lasted 00:11:25 (3726 turns).

Shayle the Gusty (Draconian Air Elementalist)       Turns: 3726, Time: 00:11:27

Health: -6/45      AC:  5    Str: 16    XL:     5   Next: 0%
Magic:  6/8        EV: 12    Int: 17    God:
Gold:   108        SH:  0    Dex: 11    Spells: 2/8 levels left

rFire    . . .     SeeInvis +   j - +0 mace
rCold    . . .     Faith    .   (no shield)
rNeg     . . .     Spirit   .   (armour unavailable)
rPois    .         Reflect  .   (helmet restricted)
rElec    .         Harm     .   (no cloak)
rCorr    .         Rampage  .   (no gloves)
Will     .....                  (no boots)
Stlth    ++........             (no amulet)
HPRegen  0.15/turn              d - +6 ring of strength
MPRegen  0.11/turn              f - ring of see invisible

@: no status effects
A: AC +5, unfitting armour, cold-blooded
a: no special abilities


You were on level 4 of the Dungeon.
You visited 1 branch of the dungeon, and saw 4 of its levels.

You collected 108 gold pieces.

Inventory:

Hand Weapons
 j - a +0 mace (weapon)
Jewellery
 d - a +6 ring of strength (left hand)
 f - a ring of see invisible (right hand)
 h - a ring of willpower
 k - a ring of protection from cold
Wands
 b - a wand of polymorph (11)
Potions
 a - 2 potions of might
 c - a potion of attraction {unknown}
 e - a potion of mutation
 g - a potion of magic {unknown}
 i - a potion of degeneration {unknown}


   Skills:
 + Level 3.4 Fighting
 - Level 1.7 Dodging
 - Level 1.7 Stealth
 - Level 2.0 Spellcasting
 + Level 1.2 Conjurations
 + Level 4.5 Air Magic


You had 2 spell levels left.
You knew the following spells:

 Your Spells              Type           Power      Damage    Failure   Level
a - Shock                 Conj/Air       44%        1d5       6%          1
b - Static Discharge      Conj/Air       11%        N/A       9%          2
c - Swiftness             Air            17%        N/A       9%          3

Your spell library contained the following spells:

 Spells                   Type           Power      Damage    Failure   Level
 Animate Skeleton         Necr           2%         N/A       19%         1
 Apportation              Tloc           2%         N/A       19%         1
 Corona                   Hex            1%         N/A       19%         1
 Summon Small Mammal      Summ           4%         N/A       19%         1
 Airstrike                Air            8%         N/A       30%         4
 Lightning Bolt           Conj/Air       5%         1d17      86%         5


Dungeon Overview and Level Annotations

Branches:
Dungeon (4/15)
 Temple: D:4-7

Altars:
Fedhas

Annotations:
D:2 Terence


Innate Abilities, Weirdness & Mutations

Your plain brown scales are hard. (AC +5)
You cannot fit into any form of body armour.
You are cold-blooded and may be slowed by cold attacks.


Message History

You hit the adder.
You kill the adder!
A hound skeleton comes into view.
You have reached level 5!
Okay, then.
As you read the scroll of identify, it crumbles to dust.
a - 2 potions of might
As you read the scroll of identify, it crumbles to dust.
e - a potion of mutation You hear the rusting of a drain very nearby.
Found an encrusted steel ring.
You see here a ring of protection from cold.
k - a ring of protection from cold You start resting.
You hear the rusting of a drain very nearby.
You catch the helpless iguana completely off-guard!
You hit the iguana.
The iguana is lightly wounded.
The iguana bites you.
You hit the iguana. You tail-slap the iguana.
The iguana is moderately wounded.
The iguana closely misses you. The iguana bites you!
* * * LOW HITPOINT WARNING * * *
You hit the iguana but do no damage.
You tail-slap the iguana, but do no damage.
The iguana is lightly wounded.
The iguana barely misses you.
You hit the iguana but do no damage.
Your tail-slap misses the iguana.
The iguana is lightly wounded.
The iguana barely misses you. The iguana bites you.
* * * LOW HITPOINT WARNING * * *
Unknown command.
Casting: Swiftness (dangerous; 9% risk of failure)
Confirm with . or Enter, or press ? or * to list all spells.
The iguana is struck by an arc of lightning.
The iguana is heavily wounded.
You are struck by an arc of lightning.
* * * LOW HITPOINT WARNING * * *
The lightning grounds out.
The iguana bites you!
You die...

#.......# ##...# ..
##..# #.# ##..## ..
##Ol..### #.##
##......!.# ..#
##..#........# #.##
...#...........##..##
..##...........l@#..#
.###..^.........##..##
...## ## .............
##..# ....## #
...........# #..##
...... ...........
##..# ...... ######
#..#####..Z...
##......(.....
##..†..........
#####..............


You could see an iguana.

Vanquished Creatures
  An orc priest (D:3)
  4 adders
  A worm (D:2)
  A dart slug (D:1)
  3 orcs (D:3)
  4 ball pythons
  3 bats
  4 endoplasms (D:1)
  A giant cockroach (D:4)
  7 goblins
  11 hobgoblins
  3 jackals (D:1)
  3 kobolds
  A quokka (D:1)
  7 frilled lizards
  6 rats
60 creatures vanquished.

Notes
Turn   | Place    | Note
-------+----------+-------------------------------------------
     0 | D:1      | Shayle the Draconian Air Elementalist began the quest for
                  | the Orb.
     0 | D:1      | Reached XP level 1. HP: 14/14 MP: 3/3
   295 | D:1      | Reached skill level 1 in Fighting
   477 | D:1      | Reached XP level 2. HP: 23/23 MP: 0/5
  1112 | D:1      | Reached XP level 3. HP: 29/29 MP: 0/6
  1646 | D:1      | Learned a level 2 spell: Static Discharge
  1650 | D:1      | Learned a level 3 spell: Swiftness
  1992 | D:2      | Found a blossoming altar of Fedhas.
  2078 | D:2      | Noticed Terence
  2279 | D:2      | Reached skill level 4 in Air Magic
  2500 | D:3      | Reached XP level 4. HP: 37/37 MP: 1/7
  3494 | D:4      | Noticed a necrophage
  3612 | D:4      | Noticed an ogre
  3657 | D:4      | Reached XP level 5. HP: 14/45 MP: 5/8
  3726 | D:4      | Mangled by an iguana

Illustrated notes

Levels and vault maps discovered:
D:1:      erik_arrival_orb_chamber, layout_loops_ring
D:2:      layout_basic, basic_altar, uniq_terence
D:3:      layout_rooms, due_unseen_surprise
D:4:      layout_cave_pods, portal_sewer_entry_d, uniq_robin

Skill      XL: |  1  2  3  4 |
---------------+-------------+-----
Fighting       | 1 2 3 |  3.4
Air Magic      | 4 |  4.5
Dodging        | |  1.7
Stealth        | |  1.7
Spellcasting   | |  2.0
Conjurations   | |  1.2

Action                   |  1- 3 |  4- 6 || total
-------------------------+-------+-------++-------
Melee: Unarmed           |    41 |       ||    41
       Tailslap          |     5 |     5 ||    10
       Mace              |     2 |    35 ||    37
 Cast: Shock             |    95 |    25 ||   120
       Static Discharge  |       |     2 ||     2
       Swiftness         |       |     1 ||     1
  Use: Scroll            |     3 |     6 ||     9
 Stab: Distracted        |       |     1 ||     1
Armor: Skin              |    10 |    34 ||    44
Dodge: Dodged            |    37 |    57 ||    94

Table legend: (Time is in decaauts)
 A = Elapsed time spent in this place.
 B = Non-inter-level travel time spent in this place.
 C = Inter-level travel time spent in this place.
 D = Time resting spent in this place.
 E = Time spent auto-exploring this place.
 F = Levels seen in this place.
 G = Mean time per level.
                   A        B        C        D        E       F      G
               +--------+--------+--------+--------+--------+-----+--------+
         Total |   3742 |   3689 |     53 |   1518 |   1139 |   4 |  935.5 |
       Dungeon |   3742 |   3689 |     53 |   1518 |   1139 |   4 |  935.5 |
               +--------+--------+--------+--------+--------+-----+--------+

Top non-repeatable levels by time:
     D:1: 1689 daAuts
     D:2: 1093 daAuts
     D:3: 704 daAuts
     D:4: 256 daAuts
